 Dungeon Crawl Stone Soup version 0.28.0-45-g0d030f2227 (webtiles) character file.

Game seed: 17117353371262072642

525 pkoi the Conjurer (level 6, -1/45 HPs)
             Began as a Demigod Conjurer on Apr 5, 2022.
             Slain by a centaur zombie (2 damage)
             ... in an ossuary.
             The game lasted 00:05:49 (4139 turns).

pkoi the Conjurer (Demigod Conjurer)                Turns: 4139, Time: 00:05:50

Health: -1/45      AC:  3    Str:  8    XL:     6   Next: 70%
Magic:  15/15      EV: 12    Int: 32    God:
Gold:   97         SH:  0    Dex: 12    Spells: 2/13 levels left

rFire   . . .      SeeInvis .   d - staff of air
rCold   . . .      Faith    .   (no shield)
rNeg    . . .      Spirit   .   a - +0 robe
rPois   .          Reflect  .   (no helmet)
rElec   +          Harm     .   (no cloak)
rCorr   +          Rampage  .   (no gloves)
Will    .....                   h - +0 pair of boots
Stlth   ++........              (no amulet)
HPRegen 0.15/turn               c - ring of Kaner {rElec rCorr Int+4}
MPRegen 0.14/turn               (no ring)

@: on berserk cooldown, slowed, invisible, very slow
A: high MP 1, forlorn, divine attributes
a: no special abilities


You were in an ossuary.
You visited 1 branch of the dungeon, and saw 4 of its levels.
You also visited: Ossuary.

You collected 97 gold pieces.

Inventory:

Missiles
 j - 3 poisoned darts
Armour
 a - a +0 robe (worn)
 h - a +0 pair of boots (worn)
Magical Staves
 d - a staff of air (weapon)
Jewellery
 c - the ring of Kaner (left hand) {rElec rCorr Int+4}
   (You acquired it on level 3 of the Dungeon)

   [ring of resist corrosion]

   Int:       It affects your intelligence (+4).
   rElec:     It insulates you from electricity.
   rCorr:     It protects you from acid and corrosion.
 l - a ring of ice
Scrolls
 b - 2 scrolls of identify
 i - 2 scrolls of teleportation
Potions
 e - a potion of cancellation
 f - a potion of flight


   Skills:
 - Level 1.7 Dodging
 - Level 1.7 Stealth
 + Level 4.2 Spellcasting
 + Level 5.8 Conjurations
 + Level 1.5 Hexes
 + Level 1.5 Translocations


You had 2 spell levels left.
You knew the following spells:

 Your Spells              Type           Power      Damage    Failure   Level
a - Magic Dart            Conj           100%       1d8       1%          1
b - Searing Ray           Conj           88%        2d7       1%          2
c - Iskenderun's Mystic   Conj/Tloc      30%        2d8       12%         4
d - Fulminant Prism       Conj/Hex       15%        3d11      12%         4

Your spell library contained the following spells:

 Spells                   Type           Power      Damage    Failure   Level
 Dazzling Flash           Conj/Hex       60%        N/A       3%          3


Dungeon Overview and Level Annotations

Branches:
Dungeon (4/15)            Ossuary (1/1)
 Temple: D:4-7

Annotations:
D:3 Sigmund, Terence


Innate Abilities, Weirdness & Mutations

You have an increased reservoir of magic. (+10% MP)
You shall have no god before yourself.
Your divine heritage dramatically boosts your attributes as you level up.


Message History

* * * LOW HITPOINT WARNING * * *
The centaur zombie kicks you but does no damage.
The centaur zombie barely misses you. x2; The centaur zombie hits you.
* * * LOW HITPOINT WARNING * * *
The centaur zombie kicks you.
* * * LOW HITPOINT WARNING * * *
The centaur zombie hits you but does no damage.
The centaur zombie kicks you.
* * * LOW HITPOINT WARNING * * *
The centaur zombie closely misses you.
The centaur zombie kicks you but does no damage.
You fade into invisibility!
The centaur zombie barely misses you. The centaur zombie misses you.
The centaur zombie closely misses you. The centaur zombie barely misses you.
The centaur zombie misses you. The centaur zombie closely misses you.
The centaur zombie hits you but does no damage.
The centaur zombie kicks you but does no damage.
The centaur zombie misses you.
The centaur zombie kicks you but does no damage.
The centaur zombie closely misses you. x2
The centaur zombie barely misses you. x2 2 mummies come into view.
The centaur zombie hits you but does no damage.
The centaur zombie misses you. The centaur zombie barely misses you.
The centaur zombie closely misses you.
The centaur zombie hits you but does no damage.
The centaur zombie closely misses you. The centaur zombie barely misses you.
The centaur zombie kicks you but does no damage.
The centaur zombie closely misses you.
The centaur zombie barely misses you. x2
The centaur zombie kicks you but does no damage.
The centaur zombie hits you.
* * * LOW HITPOINT WARNING * * *
The centaur zombie barely misses you. The centaur zombie barely misses you.
The centaur zombie misses you. The centaur zombie closely misses you.
The centaur zombie barely misses you. The centaur zombie barely misses you.
The centaur zombie closely misses you. The mummy hits you.
* * * LOW HITPOINT WARNING * * *
The centaur zombie closely misses you. The centaur zombie kicks you.
You die...

.^^....
##....^##
#...^.^.
##.....##
#....^..#
##.....##
#..^^...#
#..^.@#
#....Z#
#...MZ#
#..∩M.#
#.....#
#..∩..#
#.....#
#.....#
#.....#


You could see 2 mummies and 2 centaur zombies.

Vanquished Creatures
  Grinder (D:3)
  5 centaur zombies (Ossuary)
  An iguana (D:3)
  3 mummies (Ossuary)
  An ufetubus (D:3)
  3 worms
  7 dart slugs
  3 orcs (D:3)
  8 ball pythons
  5 endoplasms
  2 giant cockroaches
  12 goblins
  2 hobgoblins
  2 jackals (D:3)
  6 kobolds
  3 bats
  5 frilled lizards
  4 rats
73 creatures vanquished.

Notes
Turn   | Place    | Note
-------+----------+-------------------------------------------
     0 | D:1      | pkoi the Demigod Conjurer began the quest for the Orb.
     0 | D:1      | Reached XP level 1. HP: 14/14 MP: 5/5
   316 | D:1      | Reached XP level 2. HP: 20/20 MP: 0/7
   329 | D:1      | Reached skill level 4 in Conjurations
  1172 | D:1      | Learned a level 2 spell: Searing Ray
  1497 | D:2      | Reached XP level 3. HP: 26/26 MP: 5/9
  2268 | D:3      | Noticed Grinder
  2455 | D:3      | Noticed Sigmund
  2494 | D:3      | Killed Grinder
  2495 | D:3      | Reached skill level 5 in Conjurations
  2495 | D:3      | Reached XP level 4. HP: 5/33 MP: 1/12
  2495 | D:3      | Reached XP level 5. HP: 5/38 MP: 1/13
  2495 | D:3      | Identified a scroll of acquirement
  2495 | D:3      | Acquired the ring of Kaner {rElec rCorr Int+4}
  3124 | D:3      | Learned a level 4 spell: Iskenderun's Mystic Blast
  3129 | D:3      | Learned a level 4 spell: Fulminant Prism
  3193 | D:3      | Noticed Terence
  3328 | D:3      | Reached XP level 6. HP: 41/45 MP: 10/15
  3852 | D:4      | Found a sand-covered staircase.
  3903 | Ossuary  | Entered an ossuary
  4034 | Ossuary  | Reached skill level 1 in Hexes
  4115 | Ossuary  | Reached skill level 1 in Translocations
  4124 | Ossuary  | HP: 3/67 [centaur zombie (4)]
  4126 | Ossuary  | HP: 1/45 [centaur zombie (2)]
  4135 | Ossuary  | HP: 1/45 [centaur zombie (2)]
  4139 | Ossuary  | Slain by a centaur zombie

Illustrated notes

Levels and vault maps discovered:
D:1:      psy_arrival_radial01, layout_loops_ring, st_stairs_10,
          minmay_misc_feat_chi
D:2:      layout_loops_cross, basic_ecumenical_altar
D:3:      layout_rooms, corexii_shack, uniq_sigmund, uniq_terence, uniq_grinder
D:4:      layout_cave_pools, mainiacjoe_overflow_paths,
          nicolae_ossuary_entry_false_entrances, st_stairs_14
Ossuary:  ossuary_the_hunt_dpeg

Skill      XL: |  1  2  3  4  5  6 |
---------------+-------------------+-----
Spellcasting   | 2 3 4 |  4.2
Conjurations   | 4 5 |  5.8
Hexes          | 1 |  1.5
Translocations | 1 |  1.5
Dodging        | |  1.7
Stealth        | |  1.7

Action                   |  1- 3 |  4- 6 || total
-------------------------+-------+-------++-------
Melee: Staff             |     6 |    20 ||    26
       Punch             |       |     2 ||     2
 Cast: Magic Dart        |    83 |    49 ||   132
       Searing Ray       |     2 |     9 ||    11
  Use: Scroll            |     3 |     6 ||     9
       Potion            |       |     6 ||     6
Armor: Robe              |     3 |    46 ||    49
Dodge: Dodged            |    13 |   106 ||   119
